 Dungeon Crawl Stone Soup version 0.28.0-53-g5a82cb258f (webtiles) character file.

Game seed: 5587087043207257547

3288 fuccboisucc420 the Basher (level 9, -11/63 HPs)
             Began as a Demonspawn Abyssal Knight on July 19, 2022.
             Was an Elder of Lugonu.
             Mangled by a sun demon (17 damage)
             ... summoned by a kobold demonologist
             ... in a bailey.
             The game lasted 00:44:37 (8230 turns).

fuccboisucc420 the Basher (DsAK)                    Turns: 8230, Time: 00:44:38

Health: -11/63     AC: 15    Str: 20    XL:     9   Next: 69%
Magic:  19/19      EV: 17    Int: 12    God:    Lugonu [****..]
Gold:   422        SH:  0    Dex: 13    Spells: 8/8 levels left

rFire   . . .      SeeInvis .   a - +1 mace (venom)
rCold   . . .      Faith    .   (no shield)
rNeg    . . .      Spirit   .   l - +3 leather armour of Summertime {+Inv rPois Regen+ Stlth-}
rPois   +          Reflect  .   B - +0 helmet
rElec   .          Harm     .   (no cloak)
rCorr   .          Rampage  .   y - +0 pair of gloves
Will    +....                   d - +0 pair of boots
Stlth   +.........              (no amulet)
HPRegen 1.00/turn               g - ring of magical power
MPRegen 0.16/turn               m - +4 ring of evasion

@: mighty, sanguine armoured
A: hooves 2, foul stench 1, powered by pain 1, sanguine armour 1, fangs 1,
strong-willed 1, strong 1, MP-powered wands
a: Renounce Religion, Evoke Invisibility, Depart the Abyss, Bend Space, Banish,
Corrupt


You were in a bailey.
You worshipped Lugonu.
Lugonu was greatly pleased with you.
You visited 2 branches of the dungeon, and saw 9 of its levels.
You visited the Abyss 1 time.
You also visited: Sewer and Bailey.

You collected 422 gold pieces.

Inventory:

Hand Weapons
 a - a +1 mace of venom (weapon)
 j - a +0 dagger of electrocution
 o - a +2 dagger of venom
 p - a +1 whip of flaming
 E - a +2 vampiric rapier
Missiles
 c - 246 stones (quivered)
 H - a throwing net
Armour
 d - a +0 pair of boots (worn)
 h - a +0 leather armour of willpower
 l - the +3 leather armour of Summertime (worn) {+Inv rPois Regen+ Stlth-}
   (You found it on level 2 of the Dungeon)

   rPois:     It protects you from poison.
   +Inv:      It lets you turn invisible.
   Regen:     It increases your rate of health regeneration.
   Stlth:     It makes you less stealthy.
 n - the +0 plate armour of Action {Fly Dex-3 Slay+5 SInv}
   (You found it in a bailey)

   Dex:       It affects your dexterity (-3).
   Slay:      It affects your accuracy & damage with ranged weapons and melee
   (+5).
   SInv:      It lets you see invisible.
   Fly:       It grants you flight.
 y - a +0 pair of gloves (worn)
 B - a +0 helmet (worn)
Magical Staves
 b - a staff of conjuration
 f - a staff of air
 s - a staff of fire
Jewellery
 g - a ring of magical power (left hand)
 m - a +4 ring of evasion (right hand)
 G - a ring of protection from cold
Wands
 r - a wand of charming (3)
 F - a wand of mindburst (18)
Scrolls
 k - 5 scrolls of noise
 q - 2 scrolls of identify
 t - 2 scrolls of summoning
 v - a scroll of teleportation
Potions
 e - 2 potions of curing
 i - 5 potions of flight
 w - a potion of attraction {unknown}
 x - a potion of resistance {unknown}
 A - 2 potions of haste
 C - a potion of berserk rage {unknown}
 D - a potion of lignification {unknown}


   Skills:
 - Level 3.0 Fighting
 * Level 9.5 Maces & Flails
 + Level 3.2 Throwing
 + Level 3.6 Armour
 + Level 4.5 Dodging
 + Level 3.8 Stealth
 - Level 2.4 Invocations
 * Level 3.7 Evocations


You had 8 spell levels left.
You didn't know any spells.
Your spell library contained the following spells:

 Spells                   Type           Power      Damage    Failure   Level
 Ensorcelled Hibernation  Hex/Ice        0%         N/A       50%         2
 Passwall                 Tmut/Erth      0%         N/A       50%         2
 Confusing Touch          Hex            0%         N/A       75%         3
 Gell's Gravitas          Tloc           0%         N/A       75%         3
 Swiftness                Air            0%         N/A       75%         3
 Teleport Other           Tloc           0%         N/A       75%         3
 Iskenderun's Battlesphe  Conj           0%         2d6       100%        5
 Yara's Violent Unravell  Hex/Tmut       0%         3d3       100%        5
 Dispersal                Tloc           0%         N/A       100%        6
 Iron Shot                Conj/Erth      0%         9d1       100%        6
 Enfeeble                 Hex            0%         N/A       100%        7
 Spellforged Servitor     Conj/Summ      0%         N/A       100%        7


Dungeon Overview and Level Annotations

Branches:
Dungeon (8/15)             Temple (1/1) D:7           Sewer (visited)
 Bailey (1/1)
   Lair: D:8-11

Altars:
Ashenzari
Cheibriados
Dithmenos
Fedhas
Gozag
Hepliaklqana
Kikubaaqudgha
Makhleb
Nemelex Xobeh
Okawaru
Qazlal
Ru
Sif Muna
Trog
Uskayaw
Vehumet
Wu Jian
Yredelemnul
Zin
The Shining One

Shops:
D:1 :


Innate Abilities, Weirdness & Mutations

You have hoof-like feet.
You may rarely emit foul miasma when damaged in melee.
You sometimes gain a little power by taking damage.
When seriously injured, your blood forms armour. (AC +6)
You have very sharp teeth.
You are strong-willed. (Will+)
Your muscles are strong. (Str +2)
You expend magic power (3 MP) to strengthen your wands.


Message History

The puff of frost hits you. Space bends around you!
You blink.
Found a scale mail.
The quasit bites you but does no damage.
The quasit barely misses you. x2
The white imp hits you but does no damage.
The sun demon closely misses you. The orc high priest misses you.
The quasit bites you but does no damage.
The quasit closely misses you. The quasit completely misses you.
Space bends around you!
You blink.
Found an ancient plate armour.
The orc high priest calls down the wrath of Beogh upon you.
Beogh smites you!
You focus on the pain.
You feel very mighty all of a sudden.
The kobold demonologist looks encouraged for a moment.
The orc high priest calls down the wrath of Beogh upon you.
Beogh smites you!
* * * LOW HITPOINT WARNING * * *
You open the door.
The orc high priest says, "All sinners must die."
The kobold demonologist mumbles some strange words.
The gnoll barely misses you.
Found a leather armour.
The gnoll barely misses you.
There is an open door here.
You see here a +0 scale mail.
You see here the +0 plate armour of Action {Fly Dex-3 Slay+5 SInv}.
n - the +0 plate armour of Action {Fly Dex-3 Slay+5 SInv} You open the door.
The quasit barely misses you. The quasit misses you.
The quasit completely misses you. The quasit misses you.
The quasit claws you but does no damage. x2
There is an open door here.
The quasit misses you. The quasit closely misses you.
The quasit barely misses you.
You open the door.
Found a rapier, a runed falchion, a runed rapier and a club.
The sun demon hits you!
* * * LOW HITPOINT WARNING * * *
You focus on the pain.
You feel your power returning.
You are engulfed in flames!
You die...

≈≈≈≈≈≈≈≈≈≈≈≈≈≈≈≈≈≈≈
≈≈≈≈≈≈≈≈≈≈≈≈≈≈≈≈≈≈
≈≈≈≈≈≈≈≈≈≈≈≈≈≈≈≈≈
####≈≈≈≈≈≈≈≈≈≈≈##
+........∩.......
###..######.######
#....#?!.#...#.))#
#..).#??.#...#.))#
#+#)##+###8.8###@#
#..# #...#.3.#
#..###+#8.8#5###
#..#...#...#..[#
#..#...#...#.[[#
#..#+####)####5#
##)#.......3K44#
#).#....._..5g.#
#.8#..........o#


You could see a sun demon (summoned) and a quasit (summoned).

Vanquished Creatures
  Pikel (D:4)
  Grinder (D:3)
  A wyvern (D:8)
  Duvessa (D:7)
  6 orc warriors (Bailey)
  2 ice beasts
  A sky beast (D:7)
  3 ogres
  2 bullfrogs
  3 scorpions
  2 wyvern skeletons
  Dowan (D:7)
  A bullfrog zombie (D:5)
  2 centaur zombies
  2 hounds (D:7)
  An orc priest (D:8)
  A gnoll shaman (D:7)
  A centaur skeleton (D:7)
  An iguana (D:7)
  2 killer bee zombies
  2 hound zombies (D:3)
  A howler monkey skeleton (D:5)
  8 gnolls
  An adder (D:2)
  A river rat (Sewer)
  A white imp (D:4)
  An adder skeleton (D:4)
  2 worms (D:5)
  2 dart slugs
  12 orcs
  10 ball pythons
  11 endoplasms
  4 giant cockroaches
  6 goblins
  11 hobgoblins
  4 jackals (Sewer)
  10 quokkas
  A ball python zombie (D:3)
  9 bats
  7 frilled lizards
  11 kobolds
  3 rats
153 creatures vanquished.

Vanquished Creatures (collateral kills)
  Maggie (D:6)
1 creature vanquished.

Vanquished Creatures (others)
  14 fungi (D:8)
  32 plants
46 creatures vanquished.

Grand Total: 200 creatures vanquished

Notes
Turn   | Place    | Note
-------+----------+-------------------------------------------
     0 | Abyss:1  | fuccboisucc420 the Demonspawn Abyssal Knight began the
                  | quest for the Orb.
     0 | Abyss:1  | Reached XP level 1. HP: 18/18 MP: 2/2
     1 | Abyss:1  | Found a corrupted altar of Lugonu.
     6 | D:1      | Escaped the Abyss
    79 | D:1      | Reached skill level 2 in Maces & Flails
   312 | D:1      | Gained mutation: You have large cloven feet. [demonic
                  | ancestry]
   312 | D:1      | Reached XP level 2. HP: 20/24 MP: 3/3
   312 | D:1      | Reached * piety under Lugonu
   364 | D:1      | Found Xyanifea's Book Emporium.
  1125 | D:2      | Reached skill level 1 in Dodging
  1226 | D:2      | Reached XP level 3. HP: 28/29 MP: 4/4
  1560 | D:2      | Reached skill level 3 in Maces & Flails
  1695 | D:2      | Identified the +3 leather armour of Summertime {+Inv rPois
                  | Regen+ Stlth-}
  2088 | D:3      | Reached XP level 4. HP: 35/35 MP: 5/5
  2281 | D:3      | Reached skill level 1 in Throwing
  2291 | D:3      | Found a basalt altar of Yredelemnul.
  2352 | D:3      | Identified the +3 leather armour "Xonumuyse" {rC++ Regen+
                  | rCorr Str-5}
  2353 | D:3      | Noticed an ogre
  2373 | D:3      | HP: 1/35 [ogre/+0 giant club (23)]
  2379 | D:3      | Killed an ogre
  2380 | D:3      | Reached skill level 4 in Maces & Flails
  2380 | D:3      | Gained mutation: You sometimes gain a little power by
                  | taking damage. [demonic ancestry]
  2380 | D:3      | Reached XP level 5. HP: 8/41 MP: 6/6
  2478 | D:3      | Noticed an ogre
  2499 | D:3      | Killed an ogre
  2500 | D:3      | Reached skill level 5 in Maces & Flails
  2500 | D:3      | Gained mutation: You may rarely emit foul miasma when
                  | damaged in melee. [demonic ancestry]
  2500 | D:3      | Reached XP level 6. HP: 47/47 MP: 7/7
  2518 | D:3      | Reached ** piety under Lugonu
  2988 | D:3      | Found a faded altar of an unknown god.
  2988 | D:3      | Noticed Grinder
  2998 | D:3      | Paralysed by Grinder for 5 turns
  3030 | D:3      | Paralysed by Grinder for 3 turns
  3037 | D:3      | Killed Grinder
  3038 | D:3      | Reached skill level 1 in Evocations
  3282 | D:4      | Reached skill level 6 in Maces & Flails
  3370 | D:4      | Reached XP level 7. HP: 35/52 MP: 8/8
  3739 | D:4      | Noticed Pikel
  3813 | D:4      | Killed Pikel
  3814 | D:4      | Reached skill level 7 in Maces & Flails
  4052 | D:4      | Reached skill level 1 in Stealth
  4052 | D:4      | Gained mutation: When seriously injured, your blood forms
                  | armour. (AC +6) [demonic ancestry]
  4052 | D:4      | Reached XP level 8. HP: 48/58 MP: 9/9
  4181 | D:4      | Found a stormy altar of Qazlal.
  4471 | D:5      | Entered Level 5 of the Dungeon
  4520 | D:5      | Found a hide-covered altar of Uskayaw.
  4650 | D:5      | Found a glowing drain.
  4754 | Sewer    | Entered a sewer
  4839 | Sewer    | Reached *** piety under Lugonu
  5711 | D:6      | Found a snail-covered altar of Cheibriados.
  5726 | D:6      | Found an ancient bone altar of Kikubaaqudgha.
  5735 | D:6      | Found an iron altar of Okawaru.
  5811 | D:6      | Noticed Maggie
  5839 | D:6      | Gained mutation: You have very sharp teeth. [potion of
                  | mutation]
  5839 | D:6      | Gained mutation: Your muscles are strong. (Str +2) [potion
                  | of mutation]
  5839 | D:6      | Gained mutation: You expend magic power (3 MP) to
                  | strengthen your wands. [potion of mutation]
  5839 | D:6      | Gained mutation: You are strong-willed. (Will+) [potion of
                  | mutation]
  5842 | D:6      | Killed Maggie
  5843 | D:6      | Reached skill level 8 in Maces & Flails
  6268 | D:6      | Found an opulent altar of Gozag.
  6739 | D:7      | Noticed Duvessa
  6739 | D:7      | Noticed Dowan
  6757 | D:7      | Killed Duvessa
  6758 | D:7      | Gained mutation: You have hoof-like feet. [demonic
                  | ancestry]
  6758 | D:7      | Reached XP level 9. HP: 32/63 MP: 10/10
  6767 | D:7      | Killed Dowan
  7057 | D:7      | Found a staircase to the Ecumenical Temple.
  7089 | Temple   | Entered the Ecumenical Temple
  7853 | D:8      | Reached skill level 9 in Maces & Flails
  7900 | D:8      | Found a flagged portal.
  7915 | Bailey   | Entered a bailey
  7998 | Bailey   | Reached **** piety under Lugonu
  8208 | Bailey   | Found an iron altar of Okawaru.
  8208 | Bailey   | Noticed an orc high priest
  8208 | Bailey   | Noticed a kobold demonologist
  8210 | Bailey   | Noticed a sun demon
  8211 | Bailey   | Noticed a hellwing
  8220 | Bailey   | Noticed an orange demon
  8222 | Bailey   | Identified the +0 plate armour of Action {Fly Dex-3 Slay+5
                  | SInv}
  8230 | Bailey   | Mangled by a sun demon

Illustrated notes

Levels and vault maps discovered:
D:1:      sevenhm_arrival_forest_fort_small_3, layout_rooms, serial_shops,
          nicolae_shop_behind_doors
D:2:      layout_loops_ring
D:3:      layout_basic, nicolae_yredelemnul_corpse_copse, serial_bayou,
          serial_bayou_lagoon_a, serial_bayou_pond_a, serial_bayou_pond_d,
          serial_bayou_pond_d, serial_bayou_pond_d, serial_bayou_crossing,
          shapermc_ecumenical_altar_notcrosses, minmay_diced_spiral,
          uniq_grinder
D:4:      layout_basic, nicolae_qazlal_eye_of_the_storm,
          mrwooster_statue_mirror, uniq_pikel
D:5:      layout_basic, mainiacjoe_overflow_boulevard,
          cheibrodos_sewer_entry_bend, minivault_26, amcnicky_mini_pool_small,
          hangedman_decor_growths
D:6:      layout_loops_ring, nicolae_overflow_quartered_altars,
          chequers_serial_rivers_large_a, uniq_maggie
D:7:      layout_loops_ring, minmay_temple_entry_water_ring, uniq_duvessa
D:8:      layout_basic, grunt_lair_entry_orc_guard_hut, enter_bailey_2
Temple:   oiseaux_autumnal_temple
Bailey:   bailey_axe_of_yendor_kennysheep, bailey

Skill      XL: |  1  2  3  4  5  6  7  8  9 |
---------------+----------------------------+-----
Maces & Flails | 2 3 4 5 6 7 8 9 |  9.5
Armour         | 2 3 |  3.6
Dodging        | 1 2 3 4 |  4.5
Throwing       | 1 2 3 |  3.2
Evocations     | 1 3 |  3.7
Stealth        | 1 3 |  3.8
Fighting       | |  3.0
Invocations    | |  2.4

Action                   |  1- 3 |  4- 6 |  7- 9 || total
-------------------------+-------+-------+-------++-------
Melee: Mace              |    98 |   109 |   445 ||   652
       Punch             |       |       |     4 ||     4
       Bite              |       |       |    25 ||    25
Throw: Stone             |    71 |    33 |   132 ||   236
Invok: Depart the Abyss  |     1 |       |       ||     1
       Bend Space        |       |       |     3 ||     3
 Abil: Evoke Invisibilit |       |     2 |       ||     2
Evoke: Wand              |       |       |     7 ||     7
  Use: Potion            |       |       |     4 ||     4
       Scroll            |       |       |     7 ||     7
 Stab: Paralysed         |       |       |    12 ||    12
Armor: Leather armour    |    81 |    26 |   112 ||   219
Dodge: Dodged            |   114 |    96 |   471 ||   681
